 Dungeon Crawl Stone Soup version 0.27.1-34-g3ba077fa99 (webtiles) character file.

Game seed: 14455341739927348877

478 growler the Gusty (level 7, 0/36 HPs)
             Began as a Tengu Air Elementalist on Jan 12, 2022.
             Was a Follower of Ashenzari.
             Shot with an arrow by a centaur (8 damage)
             ... on level 5 of the Dungeon.
             The game lasted 00:15:52 (5204 turns).

growler the Gusty (Tengu Air Elementalist)          Turns: 5204, Time: 00:15:53

Health: 0/36       AC:  2    Str:  9    XL:     7   Next: 11%
Magic:  9/14       EV: 15    Int: 17    God:    Ashenzari [*.....]
Gold:   236        SH:  0    Dex: 14    Spells: 4/14 levels left

rFire    . . .     SeeInvis .   e - staff of conjuration {!a}
rCold    . . .     Faith    .   (no shield)
rNeg     . . .     Spirit   .   a - +0 robe "Celestial Annoyance" {Range, Evo} (curse)
rPois    +         Reflect  .   (helmet restricted)
rElec    .         Harm     .   (no cloak)
rCorr    .         Rampage  .   (no gloves)
Will     .....                  (boots unavailable)
Stlth    ++........             (no amulet)
HPRegen  0.12/turn              o - ring "Clairvoyant Failure" {rPois, Cun, Alch} (curse)
MPRegen  0.14/turn              (no ring)

@: flying quickly and evasively, hasted, very quick
A: beak, talons 3, nimble flight
a: Renounce Religion, Shatter the Chains


You were on level 5 of the Dungeon.
You worshipped Ashenzari.
Ashenzari was aware of your devotion.
You visited 1 branch of the dungeon, and saw 5 of its levels.

You collected 236 gold pieces.

Inventory:

Missiles
 d - 8 javelins
Armour
 a - the cursed +0 robe "Celestial Annoyance" (worn) {Range, Evo}

   It has a curse which improves the following skills: Ranged Combat: Slings,
   Bows, Crossbows and Throwing.
   Evocations: Evocations.
Magical Staves
 e - a staff of conjuration (weapon) {!a}
   (You took it off a hobgoblin on level 2 of the Dungeon)
Jewellery
 o - the cursed ring "Clairvoyant Failure" (left hand) {rPois, Cun, Alch}
   (You found it on level 5 of the Dungeon)

   [ring of poison resistance]

   rPois:     It protects you from poison.
   It has a curse which improves the following skills: Cunning: Dodging and
   Stealth.
   Alchemy:   Poison Magic and Transmutations.
Scrolls
 b - a scroll of acquirement
 f - a scroll of magic mapping
 g - a scroll of enchant weapon
 h - a scroll of vulnerability {!r}
 i - a scroll of teleportation {@r4}
 j - 3 scrolls of blinking
 m - a scroll of enchant armour
Potions
 c - 2 potions of brilliance
 k - a potion of magic
 l - a potion of mutation {!q}


   Skills:
 - Level 2.1(3.0) Dodging
 - Level 2.0(2.8) Stealth
 + Level 4.1 Spellcasting
 + Level 5.4 Conjurations
 + Level 6.7 Air Magic
 - Level 0.5(1.0) Evocations


You had 4 spell levels left.
You knew the following spells:

 Your Spells              Type           Power      Damage    Failure   Level
a - Shock                 Conj/Air       100%       1d9       1%          1
b - Airstrike             Air            13%        N/A       10%         4
d - Static Discharge      Conj/Air       36%        N/A       1%          2
s - Swiftness             Air            26%        N/A       3%          3

Your spell library contained the following spells:

 Spells                   Type           Power      Damage    Failure   Level
 Magic Dart               Conj           100%       1d8       1%          1
 Beastly Appendage        Tmut           6%         N/A       16%         1
 Wereblood                Tmut           3%         N/A       22%         2
 Spider Form              Tmut/Pois      1%         N/A       41%         3


Dungeon Overview and Level Annotations

Branches:
Dungeon (5/15)
 Temple: D:4-7

Altars:
Ashenzari
Kikubaaqudgha
Sif Muna
Vehumet
Wu Jian
Zin


Innate Abilities, Weirdness & Mutations

You have a beak for a mouth.
You have claws for feet.
Your magical nature lets you fly swiftly and evasively.


Message History

The orc moves out of view.
Aim: an orc, wielding a +0 short sword (74% to hit)
You feel a surge of power!
The zap hits the orc.
Aim: an orc, wielding a +0 short sword (lightly wounded, 74% to hit)
You feel a surge of power!
The zap hits the orc.
Aim: an orc, wielding a +0 short sword (severely wounded, 74% to hit)
You feel a surge of power!
The zap hits the orc!
You kill the orc! 2 centaurs come into view.
Found a scroll of identify and a manual of Short Blades.
You hear the slow rusting of a very distant drain.
You see here a +0 short sword.
Found 10 gold pieces.
An orc comes into view. It is wielding a +0 club.
You feel a surge of power!
You miscast Shock.
You are very lightly contaminated with residual magic.
Nothing appears to happen.
You feel a surge of power!
The zap hits the centaur!
The centaur shouts!
The zap misses the centaur.
The zap hits the orc.
The orc shouts!
You hear a shout! x2
The centaur wields a +0 shortbow.
The centaur shoots an arrow.
The arrow misses you.
An orc comes into view. It is wielding a +0 falchion.
Aim: a centaur, wielding a +0 shortbow and quivering arrows (moderately wounded, 84% to hit)
You feel a surge of power!
The zap hits the centaur! x2
You kill the centaur!
You have reached level 7!
The orc barely misses you.
An ice beast comes into view.
You feel a surge of power!
The orc is struck by an arc of lightning.
You kill the orc!
You are struck by an arc of lightning.
The orc is struck by an arc of lightning.
The lightning grounds out.
The orc is struck by an arc of lightning!
You kill the orc!
You are struck by an arc of lightning.
The centaur wields a +0 shortbow.
The centaur shoots an arrow.
The arrow hits you!
The centaur shoots an arrow.
The arrow completely misses you.
The centaur shoots an arrow.
The arrow hits you!
* * * LOW HITPOINT WARNING * * *
Your magical contamination has completely faded away.
Okay, then.
You feel yourself speed up.
Things that are here:
a +0 shortbow; 15 arrows; a centaur corpse The centaur shoots an arrow.
The arrow hits you!
You die...

#.##.# ... #$....# ...
## .... .#.. #.. ##.#
...## #... #...##...
...# ..#.#.######. .#
...#:#.))....... ...
#.#).Y#.#####.. ... .
#.@.##.# #. ....##.##c)#
#. #?......c...# #.
###########.###########.
#...†.........
######...##..< #.).##...
#...##... #...##...


You could see an ice beast and a centaur.

Vanquished Creatures
  A necrophage (D:5)
  A centaur (D:5)
  A hound (D:5)
  An iguana (D:5)
  3 orc wizards (D:3)
  3 gnolls (D:3)
  3 adders
  4 dart slugs
  11 orcs
  4 ball pythons
  9 endoplasms
  4 giant cockroaches
  13 goblins
  9 hobgoblins
  11 jackals
  7 kobolds
  3 quokkas
  2 bats
  3 frilled lizards
  6 rats
99 creatures vanquished.

Vanquished Creatures (others)
  4 plants (D:1)
4 creatures vanquished.

Grand Total: 103 creatures vanquished

Notes
Turn   | Place    | Note
-------+----------+-------------------------------------------
     0 | D:1      | growler the Tengu Air Elementalist began the quest for the
                  | Orb.
     0 | D:1      | Reached XP level 1. HP: 10/10 MP: 4/4
   380 | D:1      | Reached XP level 2. HP: 15/15 MP: 3/6
   462 | D:1      | Learned a level 2 spell: Static Discharge
   812 | D:1      | Reached XP level 3. HP: 15/19 MP: 3/7
   956 | D:1      | Learned a level 3 spell: Swiftness
  1326 | D:1      | Found a faded altar of an unknown god.
  1350 | D:1      | Got Plato's Handbook of Attacks
  1977 | D:2      | Reached XP level 4. HP: 24/24 MP: 7/9
  2181 | D:2      | Reached skill level 5 in Air Magic
  2955 | D:3      | Found a broken altar of Ashenzari.
  2965 | D:3      | Became a worshipper of Ashenzari the Shackled
  3273 | D:3      | Identified a scroll of acquirement
  3387 | D:3      | Gained mutation: Your magical nature lets you fly swiftly
                  | and evasively. [Tengu growth]
  3387 | D:3      | Reached XP level 5. HP: 28/28 MP: 8/10
  3605 | D:3      | Found a shimmering blue altar of Sif Muna.
  3644 | D:3      | Found an ancient bone altar of Kikubaaqudgha.
  3683 | D:3      | Found a radiant altar of Vehumet.
  3805 | D:3      | Found an ornate altar of the Wu Jian Council.
  3894 | D:3      | Learned a level 4 spell: Airstrike
  4136 | D:4      | Reached XP level 6. HP: 32/32 MP: 9/12
  4453 | D:4      | Found a glowing silver altar of Zin.
  4475 | D:4      | Reached skill level 6 in Air Magic
  4973 | D:5      | Entered Level 5 of the Dungeon
  4998 | D:5      | Reached * piety under Ashenzari
  5013 | D:5      | Noticed a necrophage
  5022 | D:5      | Killed a necrophage
  5023 | D:5      | Reached skill level 5 in Conjurations
  5192 | D:5      | Reached XP level 7. HP: 36/36 MP: 10/14
  5204 | D:5      | Shot with an arrow by a centaur

Illustrated notes

Levels and vault maps discovered:
D:1:      dpeg_arrival_boxes_within_box, layout_basic,
          shapermc_ecumenical_altar_rom_forum
D:2:      layout_rooms
D:3:      layout_loops_corners, palyth_temple_overflow_mages,
          mainiacjoe_overflow_small_starburst, mainiacjoe_overflow_alcove_2
D:4:      layout_loops_corners, general_overflow_altar
D:5:      layout_basic, overflow_temple_1_default, temple_pool_b,
          portal_sewer_entry_a, minmay_manual_mares

Skill      XL: |  1  2  3  4  5  6 |
---------------+-------------------+-----
Conjurations   | 2 3 4 5 |  5.4
Air Magic      | 5 6 |  6.7
Spellcasting   | 3 4 |  4.1
Dodging        | |  2.1
Stealth        | |  2.0
Evocations     | |  0.5

Action                   |  1- 3 |  4- 6 |  7- 9 || total
-------------------------+-------+-------+-------++-------
Melee: Unarmed           |     6 |       |       ||     6
       Kick              |     2 |       |       ||     2
 Cast: Shock             |    77 |   114 |       ||   191
       Static Discharge  |       |     4 |     1 ||     5
Invok: Curse Item        |       |     2 |       ||     2
  Use: Potion            |       |       |     1 ||     1
Armor: Robe              |     5 |     7 |       ||    12
Dodge: Dodged            |    12 |    10 |     2 ||    24
